 Dungeon Crawl Stone Soup version 0.31.0-9-g3a7656b989 (webtiles) character file.

Game seed: 10837002137461456007

7655 Ashen the Ruffian (level 10, -8/100 HPs)
             Began as a Troll Fighter on Jan 24, 2024.
             Mangled by a fire elemental (12 damage)
             ... summoned by a deep elf pyromancer
             ... on level 12 of the Dungeon.
             The game lasted 00:12:07 (8474 turns).

Ashen the Ruffian (Troll Fighter)                   Turns: 8474, Time: 00:12:07

Health: -8/100     AC: 20    Str: 26    XL:     10   Next: 99%
Magic:  9/9        EV:  8    Int:  4    God:
Gold:   1017       SH: 10    Dex: 13    Spells: 9/9 levels left

rFire   . .          .
                       - Unarmed
rCold   . . .        b - +0 kite shield
rNeg    . . .        k - +0 storm dragon scales
rPois   .            (helmet restricted)
rElec   +            C - +0 cloak
rCorr   +            (gloves unavailable)
SInv    .            (boots unavailable)
Will    .....        (no amulet) Stlth
                     d - +4 ring of protection
HPRegen 1.16/turn    q - ring of resist corrosion
MPRegen 0.11/turn

%: no passive effects
@: on fire, glowing
A: large, unfitting armour, claws 3, regeneration 1, shaggy fur 1, tough skin 1
a: no special abilities


You were on level 12 of the Dungeon.
You visited 1 branch of the dungeon, and saw 12 of its levels.
You also visited: Sewer and Bailey.

You collected 1017 gold pieces.

Inventory:

Armour
 b - a +0 kite shield (worn)
 k - +0 storm dragon scales (worn)
 C - a +0 cloak (worn)
Jewellery
 a - a ring of protection from cold
 d - a +4 ring of protection (left claw)
 q - a ring of resist corrosion (right claw)
 r - a ring of ice
 A - a ring of wizardry
 F - a ring of positive energy
 G - an amulet of guardian spirit
Wands
 n - a wand of flame (52)
 y - a wand of iceblast (20)
Scrolls
 g - 5 scrolls of teleportation {unknown}
 h - 8 scrolls of identify {unknown}
 j - a scroll of vulnerability {unknown}
 m - 2 scrolls of noise {unknown}
 p - 2 scrolls of amnesia {unknown}
 t - a scroll of enchant armour {unknown}
 u - 4 scrolls of blinking {unknown}
 v - a scroll of fog {unknown}
 B - a scroll of immolation {unknown}
Potions
 c - 5 potions of might
 e - 6 potions of mutation {unknown}
 f - 5 potions of curing {unknown}
 i - 2 potions of heal wounds {unknown}
 l - a potion of enlightenment {unknown}
 o - 5 potions of invisibility {unknown}
 s - 8 potions of haste {unknown}
 w - a potion of resistance {unknown}
 x - 2 potions of lignification {unknown}
 z - 3 potions of brilliance {unknown}
 D - a potion of cancellation {unknown}
 E - 2 potions of magic {unknown}


   Skills:
 + Level 6.9 Fighting
 + Level 6.1 Armour
 + Level 6.8 Dodging
 + Level 7.5 Shields
 + Level 7.9 Unarmed Combat


You had 9 spell levels left.
You didn't know any spells.
Your spell library contained the following spells:

 Spells                   Type           Power      Damage    Failure   Level
 Apportation              Tloc           0%         N/A       99%         1
 Necrotise                Necr           0%         1d4       99%         1
 Sting                    Conj/Alch      0%         1d3       99%         1
 Summon Small Mammal      Summ           0%         N/A       99%         1
 Cigotuvi's Dreadful Rot  Necr/Alch/Air  0%         N/A       100%        2
 Jinxbite                 Hex            0%         N/A       100%        2
 Lesser Beckoning         Tloc           0%         N/A       100%        2
 Gell's Gravitas          Tloc           0%         N/A       100%        3
 Teleport Other           Tloc           0%         N/A       100%        3
 Volatile Blastmotes      Fire/Tloc      0%         2d10      100%        3
 Fulminant Prism          Conj/Alch      0%         3d5       100%        4
 Ignite Poison            Fire/Alch      0%         N/A       100%        4
 Iskenderun's Mystic Bla  Conj/Tloc      0%         2d3       100%        4
 Alistair's Intoxication  Alch           0%         N/A       100%        5
 Freezing Cloud           Conj/Ice/Air   0%         6-21      100%        5
 Summon Mana Viper        Hex/Summ       0%         N/A       100%        5
 Malign Gateway           Summ/Tloc      0%         N/A       100%        7
 Disjunction              Tloc           0%         N/A       100%        8


Dungeon Overview and Level Annotations

Branches:
Dungeon (11/15)            Temple (0/1) D:5           Sewer (visited)
 Bailey (visited)
   Lair: D:8-11         Orc: D:9-12

Altars:
Elyvilon
Fedhas
Sif Muna
The Shining One

Shops:
D:1 (   D:9 [


Innate Abilities, Weirdness & Mutations

You are too large for most types of armour.
You have claws for hands.
Your natural rate of healing is unusually fast.
You are covered in fur. (AC +1)
You have tough skin. (AC +1)


Message History

The fire elemental barely misses you. The fire elemental hits you.
The fire elemental burns you! You block the fire elemental's attack.
The deep elf pyromancer gestures wildly while chanting.
The deep elf pyromancer blinks!
The fire elemental hits you. The fire elemental burns you!
The fire elemental hits you. The fire elemental burns you!
The fire elemental closely misses you. You block the fire elemental's attack.
The fire elemental hits you. The fire elemental burns you!
You miss the deep elf pyromancer.
The deep elf pyromancer is moderately wounded.
The fire elemental closely misses you. The fire elemental hits you.
The fire elemental burns you!
The deep elf pyromancer hits you but does no damage.
You scratch the deep elf pyromancer.
The deep elf pyromancer is heavily wounded.
The fire elemental hits you. The fire elemental burns you!
* * * LOW HITPOINT WARNING * * *
The fire elemental closely misses you.
The deep elf pyromancer gestures at you while chanting.
The pyre arrow hits you.
You are covered in intense liquid fire!
You completely miss the deep elf pyromancer.
The deep elf pyromancer is moderately wounded.
The liquid fire burns you!
* * * LOW HITPOINT WARNING * * *
The fire elemental barely misses you. The fire elemental hits you.
The fire elemental burns you!
* * * LOW HITPOINT WARNING * * *
The deep elf pyromancer hits you but does no damage.
You scratch the deep elf pyromancer but do no damage.
The deep elf pyromancer is moderately wounded.
The liquid fire burns you!
* * * LOW HITPOINT WARNING * * *
You block the fire elemental's attack. x2
You block the deep elf pyromancer's attack.
The fire elemental closely misses you. The fire elemental hits you.
The fire elemental burns you!
You die...

.........#
........#
#.......#
#.......#
#...#####
#°..#
##°°.#
#.EE.##
#.@...#
#.e...#
#.....#
#.....#
#.....#
#.....#+#
#.......#
#.......#
#.......#


You could see a deep elf pyromancer and 2 fire elementals.

Vanquished Creatures
  A gargoyle (D:10)
  2 komodo dragons
  A troll (D:9)
  Grinder (D:3)
  A shadow (D:9)
  A wraith (D:8)
  A wyvern (D:10)
  3 steam dragons
  5 vampire mosquitoes (D:10)
  2 water moccasins
  3 orc warriors
  An ice beast (D:5)
  3 sky beasts (D:6)
  A black bear (D:5)
  A crocodile (D:7)
  2 ogres
  3 centaurs
  3 kobold brigands
  3 phantoms
  5 bullfrogs
  A gnoll sergeant (D:9)
  4 scorpions
  15 wights
  11 killer bees
  A howler monkey (D:9)
  2 electric eels (D:8)
  A bombardier beetle (D:4)
  A gnoll bouda (D:9)
  2 jellies
  Crazy Yiuf (D:5)
  5 orc priests
  3 hounds (D:5)
  5 iguanas
  Natasha (twice) (D:2)
  4 orc wizards
  Robin (D:2)
  15 adders
  15 gnolls
  3 river rats (Sewer)
  3 white imps (D:7)
  An ufetubus (D:5)
  2 dart slugs
  A ribbon worm (D:2)
  36 orcs
  4 bats
  5 endoplasms
  5 giant cockroaches
  17 goblins
  8 hobgoblins
  6 jackals
  2 quokkas (D:5)
  17 ball pythons
  5 frilled lizards
  20 kobolds
  19 rats
286 creatures vanquished.

Vanquished Creatures (others)
  2 gnolls (D:9)
  2 orcs (D:9)
4 creatures vanquished.

Grand Total: 290 creatures vanquished

Notes
Turn   | Place    | Note
-------+----------+-------------------------------------------
     0 | D:1      | Ashen the Troll Fighter began the quest for the Orb.
     0 | D:1      | Reached XP level 1. HP: 22/22 MP: 0/0
    80 | D:1      | Reached XP level 2. HP: 29/29 MP: 1/1
   421 | D:1      | Found Pialoiwo's Weapon Shoppe.
  1009 | D:2      | Reached XP level 3. HP: 36/36 MP: 2/2
  1028 | D:2      | Noticed Natasha
  1039 | D:2      | Killed Natasha
  1088 | D:2      | Reached XP level 4. HP: 44/44 MP: 3/3
  1089 | D:2      | Noticed Robin
  1121 | D:2      | Killed Robin
  1315 | D:2      | Noticed Natasha
  1325 | D:2      | Killed Natasha
  1326 | D:2      | Reached skill level 1 in Armour
  1448 | D:3      | Noticed Grinder
  1457 | D:3      | Killed Grinder
  1458 | D:3      | Reached XP level 5. HP: 31/53 MP: 4/4
  1458 | D:3      | Reached XP level 6. HP: 36/61 MP: 5/5
  1573 | D:3      | Found a glowing drain.
  1577 | Sewer    | Entered a sewer
  1808 | Sewer    | Reached XP level 7. HP: 68/68 MP: 6/6
  2800 | D:5      | Entered Level 5 of the Dungeon
  2888 | D:5      | Found a white marble altar of Elyvilon.
  2950 | D:5      | Reached XP level 8. HP: 74/78 MP: 7/7
  3319 | D:5      | Reached skill level 5 in Shields
  3328 | D:5      | Reached skill level 5 in Unarmed Combat
  3336 | D:5      | Found a staircase to the Ecumenical Temple.
  3684 | D:5      | Found a runed translucent door.
  3685 | D:5      | Noticed Crazy Yiuf
  3965 | D:5      | Killed Crazy Yiuf
  4352 | D:6      | Reached skill level 5 in Fighting
  4352 | D:6      | Reached skill level 5 in Dodging
  4360 | D:6      | Reached XP level 9. HP: 70/88 MP: 8/8
  4615 | D:6      | Identified the +2 quarterstaff of Ukisic {vamp, rPois rC+}
  5019 | D:7      | Got the Folio of the Amalgamated Excursion
  5294 | D:7      | Found a flagged portal.
  5377 | D:7      | Noticed a komodo dragon
  5395 | D:7      | Killed a komodo dragon
  5446 | Bailey   | Entered a bailey
  6036 | D:8      | Reached skill level 5 in Armour
  6155 | D:8      | Reached XP level 10. HP: 73/90 MP: 9/9
  6906 | D:9      | Found a transporter.
  6908 | D:9      | Found Ovezxyj's Antique Armour Boutique.
  7068 | D:9      | Found a transporter.
  7633 | D:9      | Found a shimmering blue altar of Sif Muna.
  7670 | D:10     | Entered Level 10 of the Dungeon
  7884 | D:10     | Noticed a gargoyle
  7935 | D:10     | Killed a gargoyle
  7936 | D:10     | HP: 3/100 [killer bee (7)]
  8416 | D:10     | Found a glowing golden altar of the Shining One.
  8421 | D:10     | Found a blossoming altar of Fedhas.
  8442 | D:11     | Noticed a cyclops
  8444 | D:11     | You fall into a shaft and drop 1 floor!
  8452 | D:12     | Noticed a deep elf pyromancer
  8474 | D:12     | HP: 3/100 [burnt (11)]
  8474 | D:12     | Mangled by a fire elemental

Illustrated notes

Levels and vault maps discovered:
D:1:      dpeg_arrival_rooms_c, layout_loops_corners, serial_shops,
          shop_fountains, minmay_tetromino_t2
D:2:      layout_rooms, uniq_robin, uniq_natasha
D:3:      layout_rooms, mainiacjoe_sewer_entry_somewhere_in_here_2, uniq_grinder
D:4:      layout_basic
D:5:      minmay_polygon_palace, layout_basic, mainiacjoe_overflow_alcove_1,
          minmay_temple_entry_fiery, uniq_crazy_yiuf_cottage
D:6:      layout_cave_pods, nicolae_elevator_lobby_plus
D:7:      layout_loops_ring, enter_bailey_2, minmay_lizard_king
D:8:      layout_rooms, serial_bayou_lake_a
D:9:      layout_irregular_city, tgw_sif, serial_shops, nicolae_shop_drivethru
D:10:     layout_basic, minitemple
D:11:     layout_rooms, erik_lair_island, minmay_misc_feat_five, uniq_erica,
          uniq_grum, uniq_josephine, uniq_harold
D:12:     layout_irregular_city, uniq_erolcha

Skill      XL: |  1  2  3  4  5  6  7  8  9 10 |
---------------+-------------------------------+-----
Shields        | 3 4 5 6 7 |  7.5
Fighting       | 3 4 5 6 |  6.9
Dodging        | 3 4 5 6 |  6.8
Armour         | 1 2 3 4 5 6 |  6.1
Unarmed Combat | 3 4 5 6 7 |  7.9

Action                     |  1- 3 |  4- 6 |  7- 9 | 10-12 || total
---------------------------+-------+-------+-------+-------++-------
  Melee: Unarmed           |    84 |   171 |   427 |   251 ||   933
  Evoke: Wand              |       |       |       |     3 ||     3
   Stab: Sleeping          |     1 |       |       |       ||     1
 Armour: Robe              |    32 |       |       |       ||    32
         Storm dragon scal |    15 |   161 |   309 |   236 ||   721
  Dodge: Dodged            |    22 |    58 |    86 |    85 ||   251
  Block: Kite shield       |    22 |   107 |   187 |   166 ||   482
